 Dungeon Crawl Stone Soup version 0.29-a0-233-g1125b37a9b (webtiles) character file.

Game seed: 17106506041927722278

10062 sammy202020 the Fighter (level 11, -6/91 HPs)
             Began as a Demonspawn Berserker on Mar 1, 2022.
             Was a High Priest of Trog.
             Mangled by a gargoyle
             ... wielding a +0 mace
              (8 damage)
             ... while petrified by a catoblepas
             ... in a Gauntlet.
             The game lasted 00:30:03 (12711 turns).

sammy202020 the Fighter (Demonspawn Berserker)     Turns: 12711, Time: 00:30:04

Health: -6/91      AC: 20    Str: 27    XL:     11   Next: 31%
Magic:  11/11      EV:  2    Int: 10    God:    Trog [*****.]
Gold:   625        SH:  0    Dex: 12    Spells: 10/10 levels left

rFire   + . .      SeeInvis .   t - +2 flail (protect)
rCold   . . .      Faith    .   n - orb {light}
rNeg    + + +      Spirit   .   K - +0 plate armour
rPois   ∞          Reflect  +   (no helmet)
rElec   .          Harm     .   B - +0 cloak
rCorr   .          Rampage  .   (no gloves)
Will    .....      NoTele   +   b - +0 pair of boots
Stlth   ..........              e - amulet of reflection
HPRegen 0.25/turn               h - ring of protection from fire
MPRegen 0.12/turn               i - +6 ring of strength

@: petrified, glowing, studying Fighting
A: large bone plates 1, demonic guardian 1, icemail 1, condensation shield
a: Renounce Religion, Berserk, Trog's Hand, Brothers in Arms


You were in a Gauntlet.
You worshipped Trog.
Trog was extremely pleased with you.
You visited 1 branch of the dungeon, and saw 11 of its levels.
You also visited: Gauntlet.

You collected 674 gold pieces.
You spent 49 gold pieces at shops.

Inventory:

Hand Weapons
 k - a +0 flail
 t - a +2 flail of protection (weapon)
 O - a +2 vorpal dire flail
Missiles
 l - 3 poisoned darts
 m - 2 throwing nets
 p - a silver boomerang (quivered)
 C - 2 atropa-tipped darts
Armour
 b - a +0 pair of boots (worn)
 n - an orb of light (worn)
 B - a +0 cloak (worn)
 I - +0 steam dragon scales
 K - a +0 plate armour (worn)
 L - +0 acid dragon scales
Jewellery
 e - an amulet of reflection (around neck)
 g - an amulet of magic regeneration
 h - a ring of protection from fire (left hand)
 i - a +6 ring of strength (right hand)
 o - a ring of protection from fire
 v - a +4 ring of evasion
 y - an amulet of faith
 F - a ring of poison resistance
 G - a ring of see invisible
 H - a ring of positive energy
Wands
 a - a wand of polymorph (11)
 d - a wand of iceblast (11)
 w - a wand of digging (9)
 x - a wand of acid (21)
 D - a wand of paralysis (12)
Scrolls
 u - 7 scrolls of teleportation
 J - a scroll of blinking
Potions
 c - 4 potions of cancellation
 f - 3 potions of heal wounds
 j - a potion of lignification
 q - a potion of experience {unknown}
 r - 2 potions of attraction
 s - 2 potions of might {unknown}
 z - a potion of flight {unknown}
 A - a potion of invisibility {unknown}
 E - 2 potions of curing {unknown}
 N - a potion of degeneration {unknown}
Miscellaneous
 M - a box of beasts


   Skills:
 + Level 10.3 Fighting
 + Level 8.7 Maces & Flails
 + Level 8.5 Armour
 + Level 8.4 Dodging


You had 10 spell levels left.
You didn't know any spells.
Your spell library was empty.

Dungeon Overview and Level Annotations

Branches:
Dungeon (11/15)            Temple (0/1) D:5            Lair (0/6) D:9
Gauntlet (1/1)
    Orc: D:9-12

Altars:
Cheibriados
Elyvilon
Gozag
Makhleb
Nemelex Xobeh
Okawaru
Ru
Trog
Uskayaw
Wu Jian
Xom
Yredelemnul

Shops:
D:5 (   D:6 :*   D:10 *

Annotations:
Gauntlet 6 transporters, 1 runed translucent door


Innate Abilities, Weirdness & Mutations

You are partially covered in large bone plates. (SH +4)
A weak demonic guardian rushes to your aid.
A meltable icy envelope protects you from harm. (AC +4)
A meltable shield of frost defends you. (SH +4)


Message History

The gargoyle hurls a stone arrow at your rust devil.
The stone arrow hits your rust devil!
The gargoyle hits you but does no damage.
You sock the gargoyle!
The gargoyle is almost destroyed.
You are engulfed in calcifying dust.
You are slowing down.
Your rust devil disappears in a puff of smoke!
You block the gargoyle's attack.
The gargoyle hits you but does no damage.
The gargoyle hurls a stone arrow at you.
The stone arrow hits you!!
Your limbs are stiffening.
You barely miss the gargoyle.
The gargoyle is almost destroyed.
You block the catoblepas's attack.
The gargoyle hurls a stone arrow at you.
The stone arrow hits you!!
You have turned to stone.
The catoblepas gores you.
The gargoyle hurls a stone arrow at you.
The stone arrow hits you but does no damage.
The catoblepas breathes a plume of calcifying dust at you.
The blast of calcifying dust hits you.
The gargoyle hurls a stone arrow at you.
The stone arrow hits you!!
* * * LOW HITPOINT WARNING * * *
The gargoyle hits you with a +0 dire flail!!
* * * LOW HITPOINT WARNING * * *
You are engulfed in calcifying dust.
The catoblepas gores you but does no damage.
The gargoyle hits you with a +0 mace!
* * * LOW HITPOINT WARNING * * *
A demonic guardian appears!
The gargoyle hurls a stone arrow at you.
The stone arrow hits you!
* * * LOW HITPOINT WARNING * * *
You are engulfed in calcifying dust.
The catoblepas breathes a plume of calcifying dust at you.
The blast of calcifying dust hits you but does no damage.
The gargoyle hits you with a +0 mace!
You die...

############# #
#####§#≈#≈#≈#≈#≈#####
#≈#≈#§#...........#≈#§#
.........∩..8..∩.......
..©.........©.........©
#######.#########.#####
....###.#....##.#.###..
### ###.##..##99#.###..
##..#y#.###.#.Y@#.#bb##
..©..y#.#.##.##5#.#b.#©
#..##.#.#9..#.###.#t.+#
#. #.#.#..##.?##.###:.
# ©(..#.#.##©..)#.####©
#######################
#.©.........©.........©
#...........©..........
############### #######


You could see a catoblepas (ally target), a fire crab, 2 gargoyles, 3 fire bats
and a friendly quasit (summoned).

Vanquished Creatures
  2 two-headed ogres
  A cyclops (D:11)
  An unseen horror (D:10)
  Maggie (D:10)
  A troll (D:10)
  A hornet (D:9)
  10 yaks (D:10)
  2 wyverns
  Grum (D:10)
  A steam dragon (D:9)
  An acid dragon (D:11)
  A water moccasin (D:6)
  4 orc warriors
  5 ice beasts
  2 sky beasts
  5 black bears
  6 ogres
  6 centaurs
  2 wolves (D:10)
  A kobold brigand (D:3)
  2 bullfrogs (D:8)
  2 gnoll sergeants
  3 wights (D:8)
  15 killer bees
  A howler monkey (D:5)
  A crimson imp (D:8)
  3 jellies
  5 orc priests
  4 hounds
  2 gnoll shamans
  13 orc wizards
  Ijyb (D:4)
  25 gnolls
  4 adders
  A shadow imp (D:8)
  A white imp (D:6)
  An ufetubus (D:5)
  3 worms
  2 dart slugs
  27 orcs
  5 endoplasms
  4 giant cockroaches
  4 goblins
  10 hobgoblins
  7 jackals
  16 kobolds
  5 quokkas
  13 ball pythons
  7 bats
  6 frilled lizards
  7 rats
254 creatures vanquished.

Vanquished Creatures (collateral kills)
  2 yaks (D:10)
  An acid dragon (D:10)
  An orc priest (D:10)
4 creatures vanquished.

Vanquished Creatures (others)
  2 orcs (D:9)
  2 fungi (D:9)
  A plant (D:9)
5 creatures vanquished.

Grand Total: 263 creatures vanquished

Notes
Turn   | Place    | Note
-------+----------+-------------------------------------------
     0 | D:1      | sammy202020 the Demonspawn Berserker began the quest for
                  | the Orb.
     0 | D:1      | Reached XP level 1. HP: 18/18 MP: 1/1
   211 | D:1      | Gained mutation: A meltable shield of frost defends you.
                  | (SH +4) [demonic ancestry]
   211 | D:1      | Reached XP level 2. HP: 5/24 MP: 2/2
  1160 | D:1      | Found a faded altar of an unknown god.
  1167 | D:1      | Gained mutation: You are partially covered in large bone
                  | plates. (SH +4) [demonic ancestry]
  1167 | D:1      | Reached XP level 3. HP: 24/29 MP: 3/3
  1764 | D:2      | Reached ** piety under Trog
  2316 | D:3      | Reached XP level 4. HP: 27/35 MP: 4/4
  2603 | D:3      | HP: 1/55 [gnoll/+0 club (7)]
  3173 | D:3      | Identified the +2 robe "Yvuhups" {*Slow rElec rC+ Int+2}
  3261 | D:3      | Noticed a kobold brigand
  3295 | D:3      | Killed a kobold brigand
  3296 | D:3      | Reached skill level 4 in Fighting
  3296 | D:3      | Reached XP level 5. HP: 31/42 MP: 5/5
  3593 | D:3      | Found a bloodstained altar of Trog.
  3838 | D:3      | Reached XP level 6. HP: 42/48 MP: 6/6
  3974 | D:4      | Reached *** piety under Trog
  3994 | D:4      | Found a hide-covered altar of Uskayaw.
  4118 | D:4      | Noticed Ijyb
  4125 | D:4      | Killed Ijyb
  4580 | D:4      | Reached XP level 7. HP: 55/55 MP: 7/7
  4882 | D:5      | Entered Level 5 of the Dungeon
  4889 | D:5      | Reached skill level 5 in Fighting
  4953 | D:5      | Found Hepeim's Antique Weapon Shop.
  4972 | D:5      | Found an iron altar of Okawaru.
  5660 | D:5      | Reached skill level 5 in Maces & Flails
  5660 | D:5      | Gained mutation: A weak demonic guardian rushes to your
                  | aid. [demonic ancestry]
  5660 | D:5      | Reached XP level 8. HP: 63/63 MP: 8/8
  5720 | D:5      | Found a staircase to the Ecumenical Temple.
  5777 | D:5      | Found a sparkling altar of Nemelex Xobeh.
  6374 | D:6      | Reached skill level 5 in Dodging
  6648 | D:6      | Reached skill level 6 in Fighting
  6648 | D:6      | Reached skill level 5 in Armour
  7283 | D:6      | Reached **** piety under Trog
  7298 | D:6      | Gained mutation: A meltable icy envelope protects you from
                  | harm. (AC +4) [demonic ancestry]
  7298 | D:6      | Reached XP level 9. HP: 68/71 MP: 9/9
  7311 | D:6      | Found Ishriloi's Neck Hole.
  7319 | D:6      | Bought a +0 cloak for 49 gold pieces
  7377 | D:6      | Found Minantosch's Book Shoppe.
  7814 | D:7      | Found a basalt altar of Yredelemnul.
  7883 | D:7      | Reached skill level 7 in Fighting
  8251 | D:7      | Found a sacrificial altar of Ru.
  8482 | D:7      | Found a snail-covered altar of Cheibriados.
  9739 | D:8      | Reached XP level 10. HP: 80/80 MP: 10/10
  9979 | D:8      | Found a burning altar of Makhleb.
 10307 | D:9      | Reached skill level 8 in Fighting
 10379 | D:9      | Found a shimmering altar of Xom.
 10756 | D:9      | Found an ornate altar of the Wu Jian Council.
 10920 | D:9      | Found a staircase to the Lair.
 11276 | D:10     | Entered Level 10 of the Dungeon
 11277 | D:10     | Noticed Maggie
 11292 | D:10     | Killed Maggie
 11343 | D:10     | Noticed a two-headed ogre
 11358 | D:10     | Killed a two-headed ogre
 11382 | D:10     | Identified a scroll of acquirement
 11382 | D:10     | Acquired a manual of Fighting
 11489 | D:10     | Reached skill level 9 in Fighting
 11564 | D:10     | Found Duunec's Changing Room.
 11589 | D:10     | Reached ***** piety under Trog
 11810 | D:10     | Reached XP level 11. HP: 72/89 MP: 11/11
 12212 | D:10     | Found an opulent altar of Gozag.
 12212 | D:10     | Noticed Grum
 12230 | D:10     | Killed Grum
 12404 | D:11     | Noticed a two-headed ogre
 12415 | D:11     | Killed a two-headed ogre
 12416 | D:11     | Reached skill level 10 in Fighting
 12640 | D:11     | Found a gate leading to a gauntlet.
 12661 | Gauntlet | Entered a Gauntlet
 12661 | Gauntlet | Noticed a catoblepas
 12661 | Gauntlet | Found a transporter.
 12661 | Gauntlet | Found a transporter.
 12666 | Gauntlet | Found a transporter.
 12668 | Gauntlet | Found a transporter.
 12670 | Gauntlet | Found a transporter.
 12683 | Gauntlet | Found a runed translucent door.
 12688 | Gauntlet | Noticed a fire crab
 12688 | Gauntlet | Found a transporter.
 12688 | Gauntlet | Found a transporter.
 12710 | Gauntlet | HP: 2/91 [gargoyle/stone arrow (3)]
 12711 | Gauntlet | Mangled by a gargoyle

Illustrated notes

Levels and vault maps discovered:
D:1:      heliophobic_arrival_glass_houses, layout_loops_ring,
          basic_ecumenical_altar
D:2:      layout_rooms, chequers_serial_rivers_micro_d
D:3:      cheibrodos_thug_alley, layout_loops_cross, trog_hazing_becter,
          serial_shops, nicolae_shop_bloodbath_and_beyond
D:4:      layout_loops_corners, mainiacjoe_overflow_concentric_impassable,
          serial_glass, glass_columns_b, glass_columns_a, feat_on_display,
          minmay_strange_pillars, due_unseen_surprise, uniq_ijyb
D:5:      layout_basic, mainiacjoe_overflow_24_doors, okawaru_metal_pillars_3,
          minmay_temple_entry_mist, serial_shops, nicolae_lakefront_shop,
          hangedman_glass_teeth, mrwooster_statue_mirror
D:6:      layout_loops_corners, serial_shops, shop,
          nicolae_shop_sticking_my_neck_out
D:7:      layout_basic, lemuel_doored_altar, amcnicky_altar_gilded,
          nicolae_overflow_crystal_walls
D:8:      layout_loops_ring, makhleb_grotto_becter
D:9:      layout_small_grid, overflow_temple_1_default,
          nicolae_wu_jian_wuxing_cycle, dpeg_oklobed_lair
D:10:     layout_rooms, gammafunk_temple_overflow_pools,
          eino_small_chamber_without_monster, nicolae_transmutations_shop,
          minmay_misc_feat_four_crosses, uniq_grum, uniq_maggie
D:11:     layout_loops_corners, david_orc_5, gauntlet_entry_generic
Gauntlet: gammafunk_gauntlet_mixed_choke_point
          [minmay_gauntlet_arena_77_p_blocks, minmay_gauntlet_arena_77_fan,
          minmay_gauntlet_arena_77_cramped, nicolae_gauntlet_arena_grate_2,
          minmay_gauntlet_arena_77_radiant_squares,
          minmay_gauntlet_arena_77_squiggly, minmay_gauntlet_arena_77_box,
          gauntlet_exit_green]

Skill      XL: |  1  2  3  4  5  6  7  8  9 10 11 |
---------------+----------------------------------+-----
Armour         | 2 3 4 5 6 8 |  8.5
Dodging        | 2 3 4 5 6 8 |  8.4
Maces & Flails | 3 4 5 6 7 8 |  8.7
Fighting       | 4 5 6 7 9 10 | 10.3

Action                   |  1- 3 |  4- 6 |  7- 9 | 10-12 || total
-------------------------+-------+-------+-------+-------++-------
Melee: Mace              |   133 |    24 |       |       ||   157
       Flail             |       |   163 |   308 |   264 ||   735
       Punch             |       |     1 |       |       ||     1
Throw: Dart              |       |    12 |    24 |       ||    36
       Boomerang         |       |       |    10 |     1 ||    11
       Throwing net      |       |       |     3 |       ||     3
Invok: Berserk           |     3 |     3 |     1 |     5 ||    12
       Trog's Hand       |     1 |     1 |     1 |     1 ||     4
  Use: Scroll            |     4 |     3 |     7 |     4 ||    18
 Stab: Sleeping          |     1 |       |       |       ||     1
       Held in net/web   |       |       |     1 |       ||     1
Armor: Animal skin       |    20 |       |       |       ||    20
       Ring mail         |    14 |    24 |       |       ||    38
       Chain mail        |       |    27 |   121 |    31 ||   179
       Plate armour      |       |       |       |   127 ||   127
Dodge: Dodged            |    82 |    66 |   116 |   115 ||   379
Block: Other             |    30 |    60 |       |       ||    90
       Reflection        |       |     6 |     5 |     4 ||    15
       Orb               |       |    49 |   222 |   212 ||   483

Table legend: (Time is in decaauts)
 A = Elapsed time spent in this place.
 B = Non-inter-level travel time spent in this place.
 C = Inter-level travel time spent in this place.
 D = Time resting spent in this place.
 E = Time spent auto-exploring this place.
 F = Levels seen in this place.
 G = Mean time per level.
                   A        B        C        D        E       F      G
               +--------+--------+--------+--------+--------+-----+--------+
         Total |  12936 |  12450 |    486 |    752 |   9131 |  12 | 1078.0 |
       Dungeon |  12886 |  12400 |    486 |    752 |   9131 |  11 | 1171.5 |
      Gauntlet |     50 |     50 |      0 |      0 |      0 |   1 |   50.0 |
               +--------+--------+--------+--------+--------+-----+--------+

Top non-repeatable levels by time:
     D:3: 1739 daAuts
     D:1: 1727 daAuts
     D:6: 1556 daAuts
     D:5: 1323 daAuts
     D:7: 1308 daAuts
     D:8: 1168 daAuts
    D:10: 1131 daAuts
     D:9: 1110 daAuts
     D:4: 933 daAuts
     D:2: 618 daAuts
    D:11: 267 daAuts
Gauntlet: 50 daAuts
